 Dungeon Crawl Stone Soup version 0.23.2-30-g0e89c35649 (webtiles) character file.

Game seed: 14600026220852227680

63714 Nordron the Fighter (level 15, -8/127 HPs)
             Began as a Barachi Ice Elementalist on June 11, 2019.
             Was a High Priest of Sif Muna.
             Mangled by a shambling mangrove (31 damage)
             ... on level 1 of the Swamp.
             The game lasted 04:23:53 (31863 turns).

Nordron the Fighter (Barachi Ice Elementalist)     Turns: 31863, Time: 04:23:54

Health: -8/127     AC: 22    Str: 15    XL:     15   Next: 10%
Magic:  17/39      EV: 15    Int: 20    God:    Sif Muna [*****.]
Gold:   1182       SH: 11    Dex: 20    Spells: 19/36 levels left

rFire    + . .     SeeInvis .   B - +3 flail (holy)
rCold    + . .     Gourm    .   S - +1 shield {reflect}
rNeg     . . .     Faith    .   C - +3 leather armour {rC+}
rPois    .         Spirit   .   Y - +0 helmet of the Vestibule of Hell {rF+ Dex+6 Stlth-}
rElec    .         Reflect  +   J - +2 cloak
rCorr    .         Harm     .   d - +0 pair of gloves
MR       +....                  q - +1 pair of boots
Stlth    +.........             (no amulet)
HPRegen  0.31/turn              N - ring of magical power
MPRegen  0.26/turn              A - +5 ring of strength

@: icy armour, grasped by roots, constricted, studying Spellcasting, divine
energy, slow
A: +LOS, swims, slowness 1, strong legs 2
a: Hop, Stop Divine Energy, Channel Magic, Forget Spell, Renounce Religion


You were on level 1 of the Swamp.
You worshipped Sif Muna.
Sif Muna was extremely pleased with you.
You were not hungry.

You visited 5 branches of the dungeon, and saw 24 of its levels.
You also visited: Ossuary.

You collected 3024 gold pieces.
You spent 1842 gold pieces at shops.

Inventory:

Hand Weapons
 B - a +3 flail of holy wrath (weapon)
Missiles
 i - a throwing net (quivered)
Armour
 d - a +0 pair of gloves (worn)
 q - a +1 pair of boots (worn)
 s - a +3 leather armour of poison resistance
 C - a +3 leather armour of cold resistance (worn)
 J - a +2 cloak (worn)
 S - a +1 shield of reflection (worn)
 U - a +1 leather armour of fire resistance
 V - a +0 buckler
 X - a +2 plate armour of magic resistance
 Y - the +0 helmet of the Vestibule of Hell (worn) {rF+ Dex+6 Stlth-}
   (You bought it in a shop on level 2 of the Orcish Mines)

   It affects your dexterity (+6).
   It protects you from fire.
   It makes you less stealthy.
Magical Staves
 P - an uncursed staff of summoning
 R - an uncursed staff of cold
Jewellery
 g - a +2 ring of evasion
 k - an uncursed ring of see invisible
 A - a +5 ring of strength (right hand)
 E - an uncursed ring of wizardry
 N - a ring of magical power (left hand)
 O - an uncursed ring of resist corrosion
Wands
 f - a wand of enslavement (22)
 v - a wand of flame (17)
 y - a wand of digging (3)
 D - a wand of polymorph (7)
 I - a wand of clouds (4)
 M - a wand of scattershot (5)
 Q - a wand of disintegration (8)
Scrolls
 a - a scroll of enchant armour
 b - 4 scrolls of remove curse
 m - 7 scrolls of amnesia
 t - a scroll of blinking
 w - 3 scrolls of identify
 G - a scroll of enchant weapon
 H - a scroll of torment
 K - 4 scrolls of teleportation
Potions
 e - 2 potions of heal wounds
 h - 4 potions of ambrosia
 j - 8 potions of mutation
 l - 2 potions of agility
 n - 8 potions of lignification
 o - 3 potions of flight
 r - 3 potions of haste
 u - 12 potions of curing
 x - 5 potions of brilliance
 z - 3 potions of magic
 F - 2 potions of invisibility
 L - a potion of berserk rage
Books
 T - a manual of Spellcasting
Comestibles
 c - 36 rations


   Skills:
 + Level 14.3 Fighting
 - Level 3.2 Armour
 - Level 10.1 Dodging
 - Level 1.7 Stealth
 * Level 5.6 Shields
 + Level 11.0 Spellcasting
 + Level 9.8 Conjurations
 - Level 6.0 Charms
 - Level 8.0 Summonings
 + Level 13.7 Ice Magic
 - Level 5.0 Invocations


You had 19 spell levels left.
You knew the following spells:

 Your Spells              Type           Power        Failure   Level  Hunger
a - Freeze                Ice            ####         1%          1    None
b - Throw Frost           Conj/Ice       ######       1%          2    None
c - Throw Icicle          Conj/Ice       ######..     1%          4    ##.....
d - Summon Ice Beast      Ice/Summ       ######..     3%          4    ##.....
e - Ozocubu's Armour      Chrm/Ice       ######..     1%          3    None
f - Regeneration          Chrm/Necr      ###.......   22%         3    None

Your spell library contained the following spells:

 Spells                   Type           Power        Failure   Level  Hunger
 Infusion                 Chrm           ####         2%          1    None
 Shroud of Golubria       Chrm/Tloc      ###.......   11%         2    None
 Recall                   Summ/Tloc      N/A          14%         3    None
 Summon Guardian Golem    Hex/Summ       ####....     14%         3    None
 Ice Form                 Ice/Tmut       #####...     16%         4    ##.....
 Animate Skeleton         Necr           N/A          26%         1    None
 Beastly Appendage        Tmut           ##....       26%         1    None
 Corona                   Hex            ##.....      26%         1    None
 Pain                     Necr           ##..         26%         1    None
 Force Lance              Conj/Tloc      ####....     32%         4    ##.....
 Slow                     Hex            ##......     36%         2    None
 Sticks to Snakes         Tmut           ##......     36%         2    None
 Gell's Gravitas          Tloc           ##........   58%         3    None
 Inner Flame              Hex/Fire       ##......     58%         3    None
 Lesser Beckoning         Tloc           ##........   58%         3    None
 Portal Projectile        Hex/Tloc       ##....       58%         3    None
 Spider Form              Tmut/Pois      ##........   58%         3    None
 Teleport Other           Tloc           ##......     58%         3    None
 Vampiric Draining        Necr           ##........   58%         3    None
 Animate Dead             Necr           N/A          94%         4    ##.....
 Cause Fear               Hex            ##........   94%         4    ##.....
 Leda's Liquefaction      Hex/Erth       ##........   94%         4    ##.....
 Alistair's Intoxication  Tmut/Pois      ##......     100%        5    ####...
 Blade Hands              Tmut           ##........   100%        5    ####...
 Hydra Form               Tmut           ##........   100%        6    ######.
 Invisibility             Hex            ##......     100%        6    ######.
 Disjunction              Tloc           ##........   100%        8    #######


Dungeon Overview and Level Annotations

Branches:
Dungeon (14/15)            Temple (1/1) D:5            Lair (6/6) D:9
  Swamp (1/4) Lair:2        Snake (0/4) Lair:4        Slime (0/5) Lair:5
    Orc (2/2) D:9             Elf (0/3) Orc:2        Vaults (0/5) D:13

Altars:
Ashenzari
Cheibriados
Dithmenos
Elyvilon
Fedhas
Gozag
Hepliaklqana
Kikubaaqudgha
Makhleb
Nemelex Xobeh
Okawaru
Qazlal
Ru
Sif Muna
Trog
Vehumet
Wu Jian
Xom
Yredelemnul
Zin
The Shining One
Beogh

Shops:
D:4 :   D:9 [   D:10 }   D:11 ?   D:13 !   Orc:2 !(*[[::

Annotations:
D:14 Louise


Innate Abilities, Weirdness & Mutations

Shadows flee at your approach. (+LOS)
You can swim through water.
You cover ground slowly.
You can hop long distances.


Message History

The alligator dies!
Sif Muna accepts your kill.
Your ice beast hits the shambling mangrove but does no damage.
Okay, then.
Casting: Summon Ice Beast (safe; 3% risk of failure)
Confirm with . or Enter, or press ? or * to list all spells.
Aiming: Throw Icicle (safe; 1% risk of failure)
Press: ? - help, Shift-Dir - straight line, f - shambling mangrove
Aim: a shambling mangrove
Okay, then.
Casting: Throw Icicle (safe; 1% risk of failure)
Confirm with . or Enter, or press ? or * to list all spells.
A film of ice covers your body! The alligator barely misses you.
The alligator tail-slaps you but does no damage.
The alligator bites you!!
* * * LOW HITPOINT WARNING * * *
The alligator tail-slaps you but does no damage.
Your ice beast hits the shambling mangrove but does no damage.
You feel much better. The shambling mangrove hits you!!
You die...

§.≈≈....
♣♣♣♣.≈≈≈....
♣♣≈§.≈≈≈≈≈≈..
♣♣♣....≈≈≈.....
♣≈..≈≈w≈≈≈§...≈
♣..§≈≈≈...≈..≈≈
♣....>......≈≈≈
♣≈.Yf..≈≈≈≈≈.
♣.Y@t≈≈≈....
♣.≈Y≈≈§.....
♣≈≈≈§......≈≈
≈≈..≈§......≈≈
♣≈.♣.§...≈≈≈.>.
♣.....♣..).....
♣§..♣♣♣♣♣♣♣....
♣... .≈§♣ §≈≈.
♣♣♣


You could see a shambling mangrove, an alligator, a tyrant leech and 3 friendly
ice beasts.

Vanquished Creatures
  Fannar (D:11)
  3 vault guards (D:13)
  3 hydras
  5 catoblepae
  A centaur warrior (D:13)
  5 two-headed ogres
  A death yak (Lair:6)
  Nergalle (Lair:4)
  Sonja (D:11)
  Pikel (D:4)
  2 harpies (D:12)
  5 orc knights
  A deep elf mage (D:13)
  5 orc sorcerers
  An ugly thing (D:13)
  2 manticores
  7 black mambas
  3 elephants (Lair:6)
  A gargoyle (D:13)
  8 spiny frogs
  2 torpor snails
  A rime drake (Lair:2)
  5 komodo dragons
  A yaktaur (D:13)
  2 tengu conjurers (D:13)
  4 trolls
  5 blink frogs (Lair:4)
  6 hippogriffs
  A shadow (D:13)
  A spriggan (D:8)
  3 wyverns
  A human (D:13)
  23 yaks
  2 basilisks (D:12)
  A hungry ghost (D:13)
  4 vampire mosquitoes
  2 wargs
  2 nagas (Lair:4)
  An acid dragon (D:12)
  3 water moccasins
  A black bear (D:7)
  6 porcupines
  Duvessa (D:7)
  12 orc warriors
  Purgy (D:3)
  A phantom (D:11)
  8 ogres
  2 eyes of draining (D:7)
  2 wolves (Lair:6)
  11 crocodiles
  4 centaurs (D:13)
  17 bullfrogs
  5 killer bees
  3 scorpions
  5 wights
  2 electric eels (Lair:4)
  4 howler monkeys
  A crimson imp (D:7)
  A bullfrog zombie (D:12)
  4 hounds
  3 jellies
  3 bullfrog skeletons
  11 orc priests
  3 centaur skeletons
  3 iguanas
  11 worker ants
  Natasha (twice) (D:4)
  11 orc wizards
  A polar bear simulacrum (D:11)
  2 yak simulacra (D:11)
  3 hell rats (Lair:4)
  2 wolf simulacra (D:11)
  A killer bee zombie (D:6)
  5 mummies
  Robin (D:4)
  A gnoll (D:7)
  A worker ant zombie (D:11)
  A howler monkey skeleton (D:5)
  11 adders
  4 river rats (Lair:4)
  2 shadow imps
  An ooze (D:4)
  5 dart slugs
  2 worms
  5 leopard geckos
  55 orcs
  9 bats
  6 giant cockroaches
  12 goblins
  7 hobgoblins
  14 jackals
  3 kobolds
  2 quokkas
  A ball python (D:3)
  4 frilled lizards
  A kobold zombie (Ossuary)
  A leopard gecko zombie (D:6)
  A quokka skeleton (D:8)
  11 rats
  A spectral orc (D:4)
  A plant (Lair:4)
  A withered plant (D:12)
443 creatures vanquished.

Vanquished Creatures (collateral kills)
  Saint Roka (Orc:1)
  Snorg (D:11)
  5 hydras
  A two-headed ogre (D:12)
  A centaur warrior (D:12)
  An alligator (Swamp:1)
  An orc high priest (Orc:2)
  Urug (Lair:3)
  6 death yaks
  An orc knight (Orc:2)
  An oklob plant (Lair:3)
  A necromancer (D:11)
  A harpy (D:12)
  3 orc sorcerers (Orc:2)
  A cyclops (D:11)
  3 manticores
  An ugly thing (D:12)
  3 elephants (Lair:6)
  Joseph (D:7)
  Maurice (D:9)
  A black mamba (Lair:5)
  4 spiny frogs
  2 kobold demonologists (D:13)
  A komodo dragon (Lair:4)
  2 trolls
  A hornet (D:8)
  2 hippogriffs
  4 slime creatures
  3 basilisks
  A wyvern (Lair:6)
  30 yaks
  2 vampire mosquitoes
  A hungry ghost (D:8)
  A naga (Lair:4)
  Edmund (D:5)
  14 orc warriors
  3 ice beasts
  A sky beast (D:8)
  2 wolves (Lair:6)
  A centaur (D:8)
  2 crocodiles (Lair:6)
  3 bullfrogs
  Dowan (D:7)
  A wyvern skeleton (D:10)
  A jelly (D:12)
  4 killer bees
  5 wights
  2 electric eels (Lair:4)
  A crimson imp (D:11)
  2 bullfrog zombies
  2 centaur zombies
  5 orc priests
  12 orc wizards
  3 iguanas
  A worker ant (D:8)
  A yak simulacrum (D:11)
  3 wolf simulacra (D:11)
  4 mummies (Ossuary)
  An adder (D:12)
  21 orcs
  A gnoll zombie (Ossuary)
  2 jackals (D:6)
  A quokka (D:11)
  3 kobold zombies (Ossuary)
  3 orc zombies (Ossuary)
  A quokka zombie (D:6)
  A rat (Lair:4)
  2 river rat simulacra (D:11)
201 creatures vanquished.

Vanquished Creatures (others)
  Natasha (D:4)
  A hobgoblin (D:4)
  9 fungi
  16 plants
27 creatures vanquished.

Grand Total: 671 creatures vanquished

Notes
Turn   | Place    | Note
-------+----------+-------------------------------------------
     0 | D:1      | Nordron the Barachi Ice Elementalist began the quest for
                  | the Orb.
     0 | D:1      | Reached XP level 1. HP: 13/13 MP: 3/3
   199 | D:1      | Reached skill level 1 in Fighting
   199 | D:1      | Reached XP level 2. HP: 9/21 MP: 0/5
   893 | D:1      | Reached XP level 3. HP: 25/26 MP: 5/7
  1207 | D:2      | Found a burning altar of Makhleb.
  1260 | D:2      | Reached skill level 2 in Fighting
  1338 | D:2      | Learned a level 2 spell: Throw Frost
  1420 | D:2      | Reached XP level 4. HP: 33/33 MP: 6/8
  1427 | D:2      | Found an ornate altar of the Wu Jian Council.
  1606 | D:2      | Learned a level 4 spell: Throw Icicle
  2213 | D:3      | Noticed Purgy
  2483 | D:3      | Killed Purgy
  2483 | D:3      | Reached skill level 3 in Fighting
  2483 | D:3      | Reached skill level 5 in Ice Magic
  2483 | D:3      | Reached XP level 5. HP: 32/41 MP: 0/10
  2489 | D:3      | Learned a level 4 spell: Summon Ice Beast
  2603 | D:4      | Noticed Natasha
  2652 | D:4      | Killed Natasha
  2652 | D:4      | Reached skill level 1 in Summonings
  2652 | D:4      | Reached XP level 6. HP: 40/47 MP: 4/11
  2684 | D:4      | Noticed Natasha
  2687 | D:4      | Found a shadowy altar of Dithmenos.
  3016 | D:3      | Reached skill level 4 in Fighting
  3072 | D:4      | Reached XP level 7. HP: 43/54 MP: 7/13
  3124 | D:4      | Found a basalt altar of Yredelemnul.
  3127 | D:4      | Found Lytex's Book Boutique.
  3173 | D:4      | Found a hazy altar of Hepliaklqana.
  3370 | D:4      | Noticed Pikel
  3381 | D:4      | Killed Pikel
  3381 | D:4      | Reached skill level 5 in Fighting
  3381 | D:4      | Reached skill level 5 in Spellcasting
  3381 | D:4      | Reached skill level 5 in Summonings
  3381 | D:4      | Reached XP level 8. HP: 17/62 MP: 6/15
  3497 | D:4      | Killed Natasha
  3734 | D:4      | Noticed Natasha
  3743 | D:4      | Killed Natasha
  3875 | D:4      | Noticed Robin
  3900 | D:4      | Killed Robin
  4008 | D:4      | Learned a level 3 spell: Ozocubu's Armour
  4052 | D:5      | Entered Level 5 of the Dungeon
  4064 | D:5      | Found a staircase to the Ecumenical Temple.
  4074 | Temple   | Entered the Ecumenical Temple
  4088 | Temple   | Became a worshipper of Sif Muna the Loreminder
  4389 | D:5      | Found a sand-covered staircase.
  4479 | Ossuary  | Entered an ossuary
  5153 | D:5      | Noticed Edmund
  5170 | D:5      | Killed Edmund
  5170 | D:5      | Reached skill level 6 in Fighting
  5525 | D:6      | Reached * piety under Sif Muna
  5525 | D:6      | Reached XP level 9. HP: 61/69 MP: 10/17
  5587 | D:6      | Found a shimmering altar of Xom.
  5797 | D:6      | Found a glowing silver altar of Zin.
  6289 | D:7      | Found an opulent altar of Gozag.
  6450 | D:7      | Found a white marble altar of Elyvilon.
  6452 | D:7      | Found an iron altar of Okawaru.
  6453 | D:7      | Noticed Joseph
  6484 | D:7      | Killed Joseph
  6569 | D:7      | Found a glowing golden altar of the Shining One.
  6754 | D:7      | Reached skill level 7 in Fighting
  6798 | D:7      | Noticed Duvessa
  6811 | D:7      | Killed Duvessa
  6820 | D:7      | Found a bloodstained altar of Trog.
  6829 | D:7      | Noticed Dowan
  6841 | D:7      | Killed Dowan
  7128 | D:7      | Reached ** piety under Sif Muna
  7647 | D:8      | Noticed a troll
  7660 | D:8      | Killed a troll
  7660 | D:8      | Reached skill level 8 in Fighting
  7660 | D:8      | Reached XP level 10. HP: 68/80 MP: 9/20
  8199 | D:8      | Found a white marble altar of Elyvilon.
  8286 | D:8      | Reached skill level 1 in Charms
  8565 | D:8      | Reached skill level 5 in Conjurations
  8971 | D:9      | Found a staircase to the Orcish Mines.
  9024 | D:9      | Noticed Maurice
  9063 | D:9      | Killed Maurice
  9318 | D:9      | Found a staircase to the Lair.
  9371 | D:9      | Found Jimih's Armour Emporium.
  9413 | D:9      | Noticed a two-headed ogre
  9431 | D:9      | Killed a two-headed ogre
  9570 | D:9      | Noticed a two-headed ogre
  9574 | D:9      | Reached skill level 9 in Fighting
  9587 | D:9      | Killed a two-headed ogre
  9850 | D:10     | Entered Level 10 of the Dungeon
  9850 | D:10     | Found Ynwa's Gadget Shoppe.
  9864 | D:10     | Reached *** piety under Sif Muna
  9928 | D:10     | Learned a level 3 spell: Regeneration
 10119 | D:10     | Noticed a two-headed ogre
 10130 | D:10     | Killed a two-headed ogre
 10668 | D:10     | Reached XP level 11. HP: 74/89 MP: 15/22
 10939 | D:11     | Found Ruomiopp's Magic Scroll Emporium.
 10953 | D:11     | Bought a scroll of identify for 20 gold pieces
 10953 | D:11     | Bought a scroll of identify for 20 gold pieces
 10953 | D:11     | Bought a scroll of identify for 20 gold pieces
 11258 | D:11     | Noticed a cyclops
 11270 | D:11     | Killed a cyclops
 11270 | D:11     | Reached skill level 5 in Dodging
 11341 | D:11     | Noticed Sonja
 11355 | D:11     | Killed Sonja
 11409 | D:11     | Noticed a manticore
 11417 | D:11     | Killed a manticore
 11417 | D:11     | Reached **** piety under Sif Muna
 11456 | D:11     | Noticed a necromancer
 11793 | D:11     | Noticed Snorg
 11809 | D:11     | Killed Snorg
 11844 | D:11     | Noticed Fannar
 12000 | Lair:1   | Entered Level 1 of the Lair of Beasts
 12033 | Lair:1   | Reached skill level 10 in Fighting
 12232 | Lair:1   | Reached skill level 5 in Charms
 12264 | Lair:1   | Noticed a five-headed hydra
 12279 | Lair:1   | Killed a five-headed hydra
 12399 | Lair:1   | Reached skill level 10 in Ice Magic
 14025 | Lair:2   | Reached skill level 11 in Fighting
 14034 | Lair:2   | Reached XP level 12. HP: 100/100 MP: 18/23
 14686 | Lair:2   | Found a staircase to the Swamp.
 14686 | Lair:2   | Noticed an eight-headed hydra
 14694 | Lair:2   | Killed an eight-headed hydra
 15230 | Lair:3   | Noticed Urug
 15736 | Lair:3   | Noticed a six-headed hydra
 15742 | Lair:3   | Killed a six-headed hydra
 15758 | Lair:3   | Killed Urug
 16056 | Lair:3   | Noticed a catoblepas
 16068 | Lair:3   | Killed a catoblepas
 16258 | Lair:4   | Reached ***** piety under Sif Muna
 16258 | Lair:4   | Identified Sif Muna's Almanac of Mutagenic Curses (Sif Muna
                  | gifted it to you on level 4 of the Lair of Beasts)
 16258 | Lair:4   | Received a gift from Sif Muna
 17402 | Lair:4   | Found a staircase to the Snake Pit.
 17422 | Lair:4   | Reached skill level 12 in Fighting
 17634 | Lair:4   | Noticed Nergalle
 17651 | Lair:4   | Killed Nergalle
 18465 | Lair:5   | Found a staircase to the Slime Pits.
 18488 | Lair:5   | Gained mutation: You can hop long distances. [Barachi
                  | growth]
 18488 | Lair:5   | Reached XP level 13. HP: 104/109 MP: 4/25
 18858 | Lair:5   | Got a shimmering flail
 18859 | Lair:5   | Identified the +0 flail of Wealth {antimagic, *Drain Str+3
                  | Dex+7} (You found it on level 5 of the Lair of Beasts)
 19385 | Lair:6   | Entered Level 6 of the Lair of Beasts
 19443 | Lair:6   | Reached skill level 1 in Invocations
 20645 | Lair:6   | Found a hazy altar of Hepliaklqana.
 20959 | Lair:6   | Reached skill level 13 in Fighting
 21548 | Lair:6   | Reached skill level 10 in Dodging
 21919 | Lair:5   | Identified Sif Muna's Grimoire of Translocation (Sif Muna
                  | gifted it to you on level 5 of the Lair of Beasts)
 21919 | Lair:5   | Received a gift from Sif Muna
 24133 | D:11     | Killed Fannar
 24133 | D:11     | Reached skill level 1 in Armour
 24315 | D:12     | Reached skill level 10 in Spellcasting
 24315 | D:12     | Reached XP level 14. HP: 115/118 MP: 19/28
 25787 | D:13     | Reached skill level 1 in Shields
 26465 | D:13     | Found a gate to the Vaults.
 27002 | D:13     | Reached skill level 5 in Invocations
 27006 | D:13     | Found Vonugg's Distillery.
 27856 | D:14     | Noticed Louise
 27998 | Orc:1    | Entered Level 1 of the Orcish Mines
 28267 | Orc:2    | Entered Level 2 of the Orcish Mines
 28267 | Orc:2    | Found Gyifuo Ruff's Armour Boutique.
 28611 | Orc:2    | Found Uxzeaty's Distillery.
 28643 | Orc:2    | Reached skill level 14 in Fighting
 28752 | Orc:2    | Found a staircase to the Elven Halls.
 28958 | Orc:2    | Found a deep blue altar of Sif Muna.
 29048 | Orc:2    | Found Mitoodiwk's Book Shoppe.
 29301 | Orc:2    | Noticed Saint Roka
 30041 | Orc:1    | Killed Saint Roka
 30041 | Orc:1    | Reached skill level 5 in Shields
 30492 | Orc:2    | Received a gift from Sif Muna
 30520 | Orc:2    | Reached XP level 15. HP: 62/126 MP: 3/29
 30812 | Orc:2    | Found a roughly hewn altar of Beogh.
 31265 | Orc:2    | Found Loicw's General Store.
 31340 | Orc:2    | Found Extix's Antique Weapon Shop.
 31355 | Orc:2    | Found Xovoj's Antique Armour Shop.
 31371 | Orc:2    | Found Umefu's Book Shop.
 31378 | Orc:2    | Bought a manual of Spellcasting for 1435 gold pieces
 31438 | Orc:2    | Identified Sif Muna's Volume of Boosts
 31742 | Orc:2    | Bought the cursed +0 helmet of the Vestibule of Hell {rF+
                  | Dex+6 Stlth-} for 347 gold pieces
 31852 | Swamp:1  | Entered Level 1 of the Swamp
 31862 | Swamp:1  | HP: 1/127 [alligator (26)]
 31863 | Swamp:1  | Mangled by a shambling mangrove

Skill      XL: |  1  2  3  4  5  6  7  8  9 10 11 12 13 14 15 |
---------------+----------------------------------------------+-----
Fighting       | 1 2 3 4 5 6 8 9 11 12 13 14 | 14.3
Ice Magic      | 4 5 6 7 8 9 10 12 13 | 13.7
Spellcasting   | 3 4 5 7 8 10 11 | 11.0
Summonings     | 1 2 5 7 8 |  8.0
Conjurations   | 4 6 7 8 9 |  9.8
Charms         | 3 5 6 |  6.0
Dodging        | 4 7 9 10 | 10.1
Invocations    | 3 5 |  5.0
Armour         | 1 3 |  3.2
Shields        | 5 |  5.6
Stealth        | |  1.7

Action                   |  1- 3 |  4- 6 |  7- 9 | 10-12 | 13-15 || total
-------------------------+-------+-------+-------+-------+-------++-------
Melee: Unarmed           |    29 |     3 |       |       |       ||    32
       Spear             |       |    31 |     7 |       |       ||    38
       Whip              |       |       |    85 |       |       ||    85
       Flail             |       |       |    84 |   223 |    77 ||   384
       Staff             |       |       |       |    26 |    90 ||   116
Throw: Throwing net      |       |       |       |     1 |       ||     1
 Cast: Freeze            |    51 |    80 |   190 |   341 |   213 ||   875
       Summon Ice Beast  |       |       |    18 |   138 |   171 ||   327
       Throw Frost       |       |       |     1 |    68 |    13 ||    82
       Throw Icicle      |       |       |       |    44 |   323 ||   367
       Regeneration      |       |       |       |     3 |     2 ||     5
       Ozocubu's Armour  |       |       |       |     2 |     2 ||     4
Invok: Divine Energy     |       |       |     1 |       |       ||     1
 Abil: Hop               |       |     1 |     1 |     5 |    13 ||    20
Evoke: Wand              |       |       |       |       |    12 ||    12
  Use: Scroll            |       |     5 |     6 |    14 |     5 ||    30
       Potion            |       |       |       |     2 |     7 ||     9
 Stab: Sleeping          |       |     2 |     1 |     1 |       ||     4
       Distracted        |       |       |       |     3 |     3 ||     6
  Eat: Chunk             |     2 |     6 |    15 |    43 |    59 ||   125
       Ration            |       |       |     1 |     4 |     4 ||     9
Armor: Robe              |    15 |       |       |       |       ||    15
       Leather armour    |       |    29 |    87 |   168 |   193 ||   477
Dodge: Dodged            |    56 |    67 |   246 |   469 |   436 ||  1274
Block: Shield            |       |       |       |       |   103 ||   103
       Buckler           |       |       |       |       |    13 ||    13
       Reflection        |       |       |       |       |     3 ||     3
